[Event "*** Titled Tuesday Blitz"]
[Site "Chess.com"]
[Date "2020.03.03"]
[Round "3"]
[White "Dixit_Nikhil"]
[Black "aa175"]
[Result "1-0"]
[WhiteElo "2536"]
[BlackElo "2257"]
[TimeControl "180+1"]
[EndTime "9:28:37 PST"]
[Termination "Dixit_Nikhil won on time"]

1. e4 c5 2. Nf3 d6 3. d4 cxd4 4. Nxd4 Nf6 5. Nc3 a6 6. Bg5 Nbd7 7. Qf3 Qc7 8. O-O-O b5 9. Nd5 Nxd5 10. exd5 Ne5 11. Qe4 g6 12. f4 Ng4 13. Qf3 Bg7 14. h3 Nf6 15. Nc6 Bf5 16. Re1 e6 17. dxe6 Bxe6 18.
f5 gxf5 19. Nd4 Ne4 20. Nxf5 Nxg5 21. Nxg7+ Kd7 22. Qf6 Rac8 23. Bd3 h6 24. Nxe6 fxe6 25. h4 Rhf8 26. Qxh6 1-0

[Event "*** Titled Tuesday Blitz"]
[Site "Chess.com"]
[Date "2020.03.03"]
[Round "3"]
[White "platy3"]
[Black "Boorchess"]
[Result "1-0"]
[WhiteElo "2864"]
[BlackElo "2516"]
[TimeControl "180+1"]
[EndTime "9:28:39 PST"]
[Termination "platy3 won by resignation"]

1. e4 e6 2. d4 d5 3. Nd2 c5 4.
Ngf3 Nc6 5. exd5 exd5 6. Bb5 Bd6 7. dxc5 Bxc5 8. O-O Ne7 9. Nb3 Bd6 10. h3 O-O 11.
Bg5 f6 12. Be3 Be6 13. c3 Nf5 14. Bc5 a6 15. Bxc6 bxc6 16. Re1 Bf7 17. Nfd4 Nxd4 18.
Qxd4 Be5 19. Qa4 Re8 20. Qxc6 a5 21. Qa4 Qc8 22. Rad1 Re6 23. Be3 Rc6 24. Nd4 Rc4 25.
Qc2 a4 26. a3 Rb8 27. Nf3 Qb7 28.
Nxe5 fxe5 29. Bc1 e4 30. Qe2 Rbc8 31. Qg4 Qc6 32. Be3 Rb8 33. Rd2 Qf6 34. Bd4 Qh6 35. Re3 Rf8 36. Rg3 Bg6 37. Be3 1-0

[Event "*** Titled Tuesday Blitz"]
[Site "Chess.com"]
[Date "2020.03.03"]
[Round "3"]
[White "politeplayer"]
[Black "Gogolev_Artemy"]
[Result "1-0"]
[WhiteElo "2260"]
[BlackElo "2491"]
[TimeControl "180+1"]
[EndTime "9:28:42 PST"]
[Termination "politeplayer won by resignation"]

1. e4 c5 2. Nf3 Nf6 3. Nc3 d5 4. exd5 Nxd5 5. Bb5+ Bd7 6. Ne5 Nf6 7. Nxd7 Nbxd7 8.
d4 e6 9. dxc5 Bxc5 10. Bg5 a6 11.
Bxf6 gxf6 12. Bxd7+ Qxd7 13. Qxd7+ Kxd7 14. Ne4 Bb4+ 15.
c3 Be7 16. O-O-O+ Kc7 17. Rd4 Rad8 18. Rhd1 Rxd4 19. Rxd4 f5 20. Rc4+ Kd7 21. Nc5+ Bxc5 22. Rxc5 Rg8 23. g3 Rg4 24. f4 h5 25. Re5 h4 26. Re3 Kd6 27. Kc2 Kd5 28. Re5+ Kd6 29. Re3 f6 30. c4 e5 31. Rd3+ Ke6 32. Rf3 e4 33. Rb3 Rg7 34. Rb6+ Kf7 35. Rxb7+ Kg6 36.
Rxg7+ Kxg7 37. gxh4 1-0

[Event "*** Titled Tuesday Blitz"]
[Site "Chess.com"]
[Date "2020.03.03"]
[Round "3"]
[White "RojonR"]
[Black "Vusatiuk_Vladimir"]
[Result "1-0"]
[WhiteElo "2391"]
[BlackElo "2196"]
[TimeControl "180+1"]
[EndTime "9:28:42 PST"]
[Termination "RojonR won by resignation"]

1. e4 c5 2. Nf3 Nc6 3. d4 cxd4 4. Nxd4 Nf6 5. Nc3 e5 6. Nf5 d5 7. exd5 Bxf5 8. dxc6 Qxd1+ 9. Nxd1 bxc6 10. Ne3 Be6 11.
Nc4 e4 12. Be3 Be7 13. O-O-O Nd5 14. Bd4 f6 15. Nd2 Nb4 16. a3 Rd8 17. Bxa7 Na2+ 18.
Kb1 Bxa3 19. Be2 Bb4 20. Nxe4 Kf7 21. Bc5 Ba5 22. Nd6+ Kg6 23. Bd3+ Kh6 24. h4 g6 25.
Bc4 Bxc4 26. Nxc4 Nb4 27. Nxa5 Nd5 28. Nxc6 Nf4 29. Be3 Rxd1+ 30. Rxd1 g5 31. hxg5+ fxg5 32. g3 Nh3 33. Ne5 Rf8 34. Rh1 1-0

[Event "*** Titled Tuesday Blitz"]
[Site "Chess.com"]
[Date "2020.03.03"]
[Round "3"]
[White "Haykoooo0o"]
[Black "Eloist"]
[Result "1-0"]
[WhiteElo "2480"]
[BlackElo "2239"]
[TimeControl "180+1"]
[EndTime "9:28:43 PST"]
[Termination "Haykoooo0o won on time"]

1. d4 e6 2. Nf3 Nf6 3. g3 b6 4.
Bg2 Bb7 5. O-O Be7 6. c4 O-O 7.
Nc3 Ne4 8. Qb3 f5 9. Bf4 Bf6 10.
Rad1 Nxc3 11. bxc3 Nc6 12. d5 Na5 13. Qa4 Qc8 14. Ne5 Bxe5 15. Bxe5 d6 16. Bf4 e5 17. Bc1 Qe8 18. Qb4 Ba6 19. c5 dxc5 20. Qb2 Nc4 21. Qc2 Nd6 22. a4 f4 23. Rfe1 Qf7 24. e3 f3 25. Bh1 Be2 26. Rxe2 fxe2 27. Qxe2 e4 28. c4 Qg6 29. Bb2 Rae8 30. Bg2 a5 31. Ba1 Rf5 32. h4 Ref8 33. Rf1 Rf3 34. Kh2 Qf5 35. Kg1 h5 36. Bc3 Kh7 37. Be1 g5 38. hxg5 Qxg5 39.
Bxf3 exf3 40. Qc2+ Kh6 41. e4 h4 42. Bd2 1-0

[Event "*** Titled Tuesday Blitz"]
[Site "Chess.com"]
[Date "2020.03.03"]
[Round "3"]
[White "Ceejay271"]
[Black "giantslayer83"]
[Result "0-1"]
[WhiteElo "2306"]
[BlackElo "2596"]
[TimeControl "180+1"]
[EndTime "9:28:45 PST"]
[Termination "giantslayer83 won on time"]

1. d4 Nf6 2. c4 g6 3. Nc3 Bg7 4. e4 O-O 5. Nf3 d6 6. Be2 e5 7. d5 a5 8. Bg5 Na6 9. Nd2 h6 10.
Be3 Nd7 11. g4 Ndc5 12. a3 Bd7 13. b3 f5 14. gxf5 gxf5 15. f3 fxe4 16. Ndxe4 Bf5 17. Qc2 Nxe4 18. fxe4 Qh4+ 19. Kd2 Bh7 20. Rag1 Kh8 21.
Rg4 Qh3 22. Rhg1 Rf7 23. R4g3 Qxh2 24. R1g2 Qh4 25. Rg4 Qe7 26. Rh2 Nc5 27. Bxh6 Bxh6+ 28. Rxh6 Rg8 29. Rgh4 Qg5+ 30. Kd1 Qe3 31. b4 Rg1+ 0-1

[Event "*** Titled Tuesday Blitz"]
[Site "Chess.com"]
[Date "2020.03.03"]
[Round "3"]
[White "ArlanCabe"]
[Black "Jumbo"]
[Result "0-1"]
[WhiteElo "2381"]
[BlackElo "2727"]
[TimeControl "180+1"]
[EndTime "9:28:47 PST"]
[Termination "Jumbo won on time"]

1. d4 Nf6 2. Nf3 e6 3. g3 b5 4.
Bg2 Bb7 5. O-O c5 6. a4 b4 7. c3 Na6 8. Bg5 Be7 9. Bxf6 Bxf6 10. dxc5 bxc3 11. Nxc3 Nxc5 12. a5 O-O 13. Nd2 Rb8 14. Qc2 Bxg2 15. Kxg2 Qc8 16. Kg1 Qb7 17. Rab1 Rfc8 18.
Nc4 Qa6 19. Ne3 d5 20. Ng4 Bxc3 21. bxc3 Rxb1 22. Rxb1 Ne4 23. Qd3 Qxa5 24. c4 Nc3 25. Qd2 d4 26. Rb7 h5 27. Nh6+ gxh6 28. Qxh6 Qf5 29. Qd2 a5 30. Ra7 a4 31. f3 Qe5 0-1

[Event "*** Titled Tuesday Blitz"]
[Site "Chess.com"]
[Date "2020.03.03"]
[Round "3"]
[White "secretsuperstar7"]
[Black "SlavenPastar"]
[Result "0-1"]
[WhiteElo "2240"]
[BlackElo "2491"]
[TimeControl "180+1"]
[EndTime "9:28:54 PST"]
[Termination "SlavenPastar won on time"]

1. d4 d5 2. c4 dxc4 3. e4 Nc6 4. Nf3 Bg4 5. d5 Ne5 6. Bf4 Ng6 7. Bg3 e5 8. Bxc4 Nf6 9. Nc3 Bd6 10. O-O a6 11. a4 O-O 12. h3 Bd7 13. Nh4 Ne8 14. Nf5 Qf6 15. Qc2 Bc5 16. Bd3 Nd6 17. Ne2 b6 18. Kh1 Nxf5 19. exf5 Ne7 20. f4 exf4 21. Nxf4 Nxf5 22. Bxf5 Qxf5 23. Qd2 Qg5 24.
Kh2 Bd6 25. Rae1 Rae8 26. Qf2 Bxa4 27. Rxe8 Bxe8 28. Re1 Bd7 29. Re4 Re8 30. Rxe8+ Bxe8 31. Qe2 Bd7 32. Qe4 h5 33. h4 Qf5 0-1

[Event "*** Titled Tuesday Blitz"]
[Site "Chess.com"]
[Date "2020.03.03"]
[Round "3"]
[White "TBergh98"]
[Black "earling8018"]
[Result "1-0"]
[WhiteElo "2311"]
[BlackElo "2008"]
[TimeControl "180+1"]
[EndTime "9:28:59 PST"]
[Termination "TBergh98 won on time"]

1. d4 g6 2. Nf3 Bg7 3. Bf4 d5 4. c3 Nf6 5. Nbd2 O-O 6. e3 Nc6 7. Be2 Nd7 8. O-O e5 9. Bg3 Qe7 10. Qb3 Nb6 11. dxe5 Nxe5 12. Nxe5 Bxe5 13. Nf3 Bg7 14.
a4 Be6 15. a5 Nc4 16. Bxc4 dxc4 17. Qa3 Qxa3 18. Rxa3 c6 19. Rd1 Rfd8 20. Raa1 Rd3 21.
Kf1 Rad8 22. Ke2 Bg4 23. h3 Bh5 24. Bf4 Bxf3+ 25. gxf3 Rxd1 26. Rxd1 Rxd1 27. Kxd1 a6 28. e4 f5 29. Be3 Kf7 30. Bd4 Bf8 31. Kc2 Ke6 32.
b3 cxb3+ 33. Kxb3 Bd6 34. Kc4 h5 35. Bc5 Bh2 36. Be3 Bd6 37. Bd4 Be7 38. Bc5 Bf6 39.
Bb4 1-0

[Event "*** Titled Tuesday Blitz"]
[Site "Chess.com"]
[Date "2020.03.03"]
[Round "3"]
[White "Funkmaus"]
[Black "RestartingChess"]
[Result "1/2-1/2"]
[WhiteElo "2223"]
[BlackElo "2387"]
[TimeControl "180+1"]
[EndTime "9:29:00 PST"]
[Termination "Game drawn by repetition"]

1. d4 Nf6 2. Nf3 g6 3. g3 Bg7 4. Bg2 O-O 5. O-O d6 6. c3 c5 7. Nbd2 cxd4 8. Nxd4 Nbd7 9. N2f3 Nc5 10. Nb3 Qb6 11. h3 Nxb3 12. Qxb3 Qxb3 13. axb3 Be6 14. b4 a6 15. Nd4 Bd5 16. Bg5 Bxg2 17. Kxg2 Nd5 18.
Nb3 h6 19. Bd2 Nb6 20. Na5 Rab8 21. Rfd1 Rfc8 22. Be3 Nc4 23. Nxc4 Rxc4 24. Ra5 Re4 25. Kf3 Re5 26. Rad5 Rxd5 27. Rxd5 Rc8 28. Bd4 Bxd4 29. Rxd4 Kg7 30. e4 Kf6 31. Ke3 g5 32. f4 gxf4+ 33.
gxf4 Rg8 34. Kf3 Rg1 35. Rd5 Rb1 36. Rd2 Rh1 37. Kg2 Re1 38. Kf3 Ke6 39. f5+ Ke5 40.
Rd5+ Kf6 41. Rd2 Kg5 42. Rg2+ Kf6 43. Rd2 Rg1 44. Kf2 Rh1 45. Kg2 Re1 46. Kf3 1/2-1/2

[Event "*** Titled Tuesday Blitz"]
[Site "Chess.com"]
[Date "2020.03.03"]
[Round "3"]
[White "Turkey-Champion"]
[Black "Leonid_Starozhilov"]
[Result "0-1"]
[WhiteElo "2464"]
[BlackElo "2714"]
[TimeControl "180+1"]
[EndTime "9:29:03 PST"]
[Termination "Leonid_Starozhilov won by checkmate"]

1. e4 d6 2. d4 Nf6 3. Nc3 Nbd7 4. f4 e5 5. Nf3 exd4 6. Qxd4 c6 7. Bc4 d5 8. exd5 Bc5 9. Qd3 O-O 10. Nd4 Re8+ 11.
Nce2 Nb6 12. Nb3 Bg4 13. Nxc5 Bxe2 14. Qxe2 Rxe2+ 15. Bxe2 Qxd5 16. Nd3 Qxg2 17. Rf1 Re8 18. Ne5 Nbd7 19. Be3 Nxe5 20. fxe5 Rxe5 21. Rg1 Qe4 22. Rg3 Nd5 23. Bd3 Qh1+ 24. Kf2 Qxa1 25. Bd4 Qe1+ 26.
Kg2 Nf4+ 27. Kf3 Nxd3 28. cxd3 Qe2+ 29. Kf4 g5+ 30. Rxg5+ Rxg5 31. Kxg5 Qxd3 32. Be5 h6+ 33. Kf4 Qd2+ 34. Kf3 Qd5+ 35. Kf4 Qxa2 36. b4 Qd5 37.
Kf5 Kf8 38. h3 Ke8 39. h4 f6 40. Kxf6 Qf7# 0-1

[Event "*** Titled Tuesday Blitz"]
[Site "Chess.com"]
[Date "2020.03.03"]
[Round "3"]
[White "Firouzja2003"]
[Black "Aygehovit1992"]
[Result "1-0"]
[WhiteElo "3076"]
[BlackElo "2643"]
[TimeControl "180+1"]
[EndTime "9:29:05 PST"]
[Termination "Firouzja2003 won by resignation"]

1. c4 e5 2. Nc3 Nc6 3. Nf3 g6 4. e3 Bg7 5. d4 d6 6. Be2 Nf6 7.
O-O O-O 8. a3 Re8 9. h3 e4 10.
Nd2 h5 11. b4 Bf5 12. b5 Nb8 13. a4 Nbd7 14. a5 c5 15. bxc6 bxc6 16. Ba3 Nf8 17. Qa4 Qd7 18. Rfd1 N8h7 19. Bf1 Ng5 20. Rac1 Bxh3 21.
gxh3 Nxh3+ 22. Bxh3 Qxh3 23. Bxd6 Rad8 24. Qxc6 Qg4+ 25.
Kf1 Qh3+ 26. Ke1 Ng4 27. Ndxe4 Nxe3 28. fxe3 Qxe3+ 29. Kf1 Qf3+ 30. Kg1 Qe3+ 31. Kg2 h4 32. Rf1 Bxd4 33. Rce1 Qd3 34. Qd5 h3+ 35. Kh1 Qc2 36. Re2 Rxd6 37. Qxf7+ 1-0

[Event "*** Titled Tuesday Blitz"]
[Site "Chess.com"]
[Date "2020.03.03"]
[Round "3"]
[White "Keures"]
[Black "PotapovaM"]
[Result "0-1"]
[WhiteElo "2281"]
[BlackElo "2564"]
[TimeControl "180+1"]
[EndTime "9:29:09 PST"]
[Termination "PotapovaM won by resignation"]

1. d4 Nf6 2. c4 g6 3. Nc3 d5 4.
e3 Bg7 5. Nf3 O-O 6. Be2 c5 7.
dxc5 Qa5 8. O-O dxc4 9. Bxc4 Qxc5 10. Qe2 Nc6 11. a3 Bg4 12. b4 Qh5 13. h3 Bxf3 14. Qxf3 Qxf3 15. gxf3 Rac8 16. Bb2 Ne5 17. Be2 Nc4 18.
Bxc4 Rxc4 19. Rac1 Rfc8 20. Nb5 a6 21. Nd4 Nd5 22. Kg2 e6 23. Rfd1 Kf8 24. Rxc4 Rxc4 25.
Ba1 h5 26. Ne2 Bxa1 27. Rxa1 Rc2 28. Nd4 Rd2 29. Kg3 h4+ 30. Kxh4 Rxf2 31. Kg3 Rd2 32.
Re1 Rd3 33. Kf2 Rxa3 34. b5 e5 35. bxa6 exd4 0-1

[Event "*** Titled Tuesday Blitz"]
[Site "Chess.com"]
[Date "2020.03.03"]
[Round "3"]
[White "MergenKakabaev"]
[Black "GukeshDommaraju"]
[Result "1-0"]
[WhiteElo "2472"]
[BlackElo "2647"]
[TimeControl "180+1"]
[EndTime "9:29:11 PST"]
[Termination "MergenKakabaev won by resignation"]

1. e4 c5 2. Nf3 d6 3. d4 cxd4 4.
Nxd4 f6 5. Bc4 Nc6 6. Ne6 Bxe6 7.
Bxe6 Qa5+ 8. Nc3 Qe5 9. Qd5 Qxd5 10. exd5 Nd4 11. Bf4 g5 12. Bg3 Nh6 13. O-O-O Nxe6 14. dxe6 Nf5 15. Nd5 Rc8 16. Rhe1 h5 17. f3 Bh6 18.
Kb1 Rc6 19. Bf2 b6 20. c3 h4 21. h3 Bf8 22. Re4 Ng7 23. Rde1 Rh6 24. Ra4 f5 25.
Rxa7 Nxe6 26. Bxb6 Kf7 27. Bf2 Rg6 28. a4 g4 29. fxg4 fxg4 30. Bxh4 gxh3 31. gxh3 Rc5 32. Nxe7 Rg2 33. Nd5+ Kg8 34. Nf6+ 1-0

[Event "*** Titled Tuesday Blitz"]
[Site "Chess.com"]
[Date "2020.03.03"]
[Round "3"]
[White "mortngabriel"]
[Black "AndrewMaco"]
[Result "0-1"]
[WhiteElo "2404"]
[BlackElo "2670"]
[TimeControl "180+1"]
[EndTime "9:29:15 PST"]
[Termination "AndrewMaco won on time"]

1. d4 Nf6 2. Nf3 e6 3. g3 d5 4. Bg2 Be7 5. O-O O-O 6. c4 dxc4 7. Qc2 a6 8. a4 c5 9. Rd1 Nc6 10. dxc5 Nb4 11. Qd2 Qxd2 12. Nbxd2 Rd8 13. Rf1 Bxc5 14. Nxc4 Nc2 15. Rb1 b5 16. Nfe5 Nd5 17. Nc6 Re8 18.
axb5 axb5 19. Na3 Nxa3 20. bxa3 Bb7 21. Rxb5 Bxf2+ 22. Kxf2 Bxc6 23. Rc5 Ra6 24. Bd2 Ne7 25. Bxc6 Nxc6 26. Rfc1 Ne7 27. Bb4 f6 28. e4 Ng6 29.
Rc7 Raa8 30. Ke3 Ne5 31. h3 Rad8 32. R1c3 Rd1 33. Rb7 Red8 34. Rcc7 R1d3+ 35. Ke2 Rxg3 36. Kf2 Rg6 37. a4 Nd3+ 38. Ke3 Rg3+ 39. Ke2 e5 40.
Be7 Nf4+ 41. Kf2 Rg2+ 42. Ke1 Re2+ 0-1

[Event "*** Titled Tuesday Blitz"]
[Site "Chess.com"]
[Date "2020.03.03"]
[Round "3"]
[White "Gabix_94"]
[Black "SanchezKelvin"]
[Result "1-0"]
[WhiteElo "2684"]
[BlackElo "2335"]
[TimeControl "180+1"]
[EndTime "9:29:17 PST"]
[Termination "Gabix_94 won by resignation"]

1. d4 d5 2. c4 c6 3. Nf3 Nf6 4. Nc3 e6 5. Qd3 Nbd7 6. g3 Bb4 7. Bg2 Ne4 8. O-O f5 9. Bf4 O-O 10. a3 Be7 11. b4 a6 12. c5 g5 13. Bc1 Qe8 14.
Qc2 Qg6 15. e3 h5 16. Rb1 g4 17. Ne1 h4 18. Nd3 hxg3 19. fxg3 Rf7 20. Nxe4 dxe4 21. Nf4 Qh6 22. Rf2 Nf6 23. Bf1 Bd7 24. Bc4 Nd5 25. a4 Kg7 26. b5 axb5 27. axb5 Bg5 28. bxc6 Bxc6 29. Qb3 Bxf4 30. exf4 Kf6 31. Be3 Rh8 32. Bxd5 Bxd5 33. Qb6 Qf8 34. Ra1 Rfh7 35. Qb2 Rh3 36. Rg2 Qh6 37. Rb1 Qf8 38. Qa1 Qa8 39. Qc3 Qa6 40. Rb6 Qa4 41. Rb1 Qa6 42. Rd2 Qa8 43. Qb4 Qe8 44. c6 Rxg3+ 45. hxg3 Qh5 46.
Rg2 Qh1+ 47. Kf2 Qd1 48. Rxd1 1-0

[Event "*** Titled Tuesday Blitz"]
[Site "Chess.com"]
[Date "2020.03.03"]
[Round "3"]
[White "littleozy"]
[Black "Lubov_Gordyk"]
[Result "0-1"]
[WhiteElo "2431"]
[BlackElo "2638"]
[TimeControl "180+1"]
[EndTime "9:29:18 PST"]
[Termination "Lubov_Gordyk won by resignation"]

1. d4 c5 2. c3 d5 3. Nf3 Nf6 4. e3 Nc6 5. Nbd2 e6 6. Bd3 Bd6 7. O-O O-O 8. Qe2 e5 9. dxc5 Bxc5 10. e4 h6 11. exd5 Nxd5 12. Ne4 Be7 13. Rd1 Qc7 14. Bc2 Be6 15. Ng3 Rad8 16. h3 f5 17. Re1 e4 18.
Nd2 Nf4 19. Qb5 a6 20. Qa4 Nd3 21. Bxd3 Rxd3 22. Ndxe4 fxe4 23. Qxe4 Rxg3 24. Qxe6+ Kh8 25. fxg3 Qxg3 26. Be3 Bd6 27. Qxd6 Qxd6 28. Rad1 Qg6 29. Bc5 Re8 30. Rxe8+ Qxe8 31. Bf2 Qe2 32. Re1 0-1

[Event "*** Titled Tuesday Blitz"]
[Site "Chess.com"]
[Date "2020.03.03"]
[Round "3"]
[White "kleinebeer98"]
[Black "rasmussvane"]
[Result "1/2-1/2"]
[WhiteElo "2714"]
[BlackElo "2878"]
[TimeControl "180+1"]
[EndTime "9:29:19 PST"]
[Termination "Game drawn by repetition"]

1. e4 c6 2. Nc3 d5 3. Qe2 dxe4 4. Nxe4 Bf5 5. d3 e6 6. g4 Bg6 7. h4 h5 8. Bg5 Qa5+ 9. Bd2 Qb6 10. O-O-O hxg4 11. f3 gxf3 12. Nxf3 Nd7 13. Bf4 Ngf6 14. Nfg5 Bh5 15. Qe1 Bxd1 16. Nxf7 Nxe4 17. Nxh8 Bf3 18.
Rh3 Ba3 19. bxa3 Qd4 20. dxe4 O-O-O 21. Nf7 Qa1+ 22. Kd2 Nc5+ 23. Bd3 Nxe4+ 24. Qxe4 Bxe4 25. Nxd8 Kxd8 26. Bxe4 Ke8 27. Rd3 Qf6 28. Bg5 Qf2+ 29. Kc3 Qc5+ 30. Kd2 Qf2+ 31. Kd1 Qf1+ 32. Kd2 Qf2+ 1/2-1/2

[Event "*** Titled Tuesday Blitz"]
[Site "Chess.com"]
[Date "2020.03.03"]
[Round "3"]
[White "Sibelephant"]
[Black "Zavgorodniy_Serg"]
[Result "1-0"]
[WhiteElo "3047"]
[BlackElo "2535"]
[TimeControl "180+1"]
[EndTime "9:29:19 PST"]
[Termination "Sibelephant won on time"]

1. c4 Nf6 2. g3 e5 3. Bg2 c6 4.
Nf3 d6 5. O-O Be7 6. Nc3 O-O 7.
Qc2 Bg4 8. b3 Bxf3 9. Bxf3 d5 10. Bb2 Na6 11. d3 Re8 12. a3 Nc7 13. Rac1 h5 14.
cxd5 Ncxd5 15. Nxd5 cxd5 16. Bxe5 Bxa3 17. Bxf6 Qxf6 18. Ra1 Rac8 19. Qd2 Bc5 20. Ra4 d4 21. Bxb7 Rb8 22. Bd5 h4 23. Bc4 Re5 24. Ra6 Bb6 25.
Qf4 Qxf4 26. gxf4 Rxe2 27. Kg2 Rbe8 28. Raa1 g6 29. Kf3 Kg7 30. Rg1 Kf6 31. Rg4 Rd2 32.
Rxh4 Ree2 33. Rf1 Ba5 34. Rh8 Re7 35. Rc8 Bb6 36. Rc6+ Kg7 37. h4 Rde2 38. Rg1 1-0

[Event "*** Titled Tuesday Blitz"]
[Site "Chess.com"]
[Date "2020.03.03"]
[Round "3"]
[White "Andrei_Belozerov"]
[Black "HouseOfDurin"]
[Result "1-0"]
[WhiteElo "2651"]
[BlackElo "2127"]
[TimeControl "180+1"]
[EndTime "9:29:21 PST"]
[Termination "Andrei_Belozerov won on time"]

1. e4 c5 2. Nf3 Nc6 3. d4 cxd4 4. Nxd4 e5 5. Nb5 d6 6. c4 Be6 7. Bd3 Be7 8. O-O Nf6 9. b3 O-O 10.
f3 Nd7 11. Be3 a6 12. N5c3 Nc5 13. Be2 f5 14. exf5 Bxf5 15. Nd5 Bg5 16. Nbc3 Bxe3+ 17. Nxe3 Nd4 18. Nxf5 Rxf5 19. Bd3 Nxd3 20. Qxd3 Qf8 21. Ne2 Nxe2+ 22. Qxe2 Rd8 23. Rad1 d5 24. cxd5 Qc5+ 25. Kh1 Rxd5 26. Rxd5 Qxd5 27. Rd1 Qe6 28. Qe4 Rf8 29. Qxb7 1-0

[Event "*** Titled Tuesday Blitz"]
[Site "Chess.com"]
[Date "2020.03.03"]
[Round "3"]
[White "vladislavkovalev"]
[Black "afgano29"]
[Result "1-0"]
[WhiteElo "2887"]
[BlackElo "2711"]
[TimeControl "180+1"]
[EndTime "9:29:22 PST"]
[Termination "vladislavkovalev won by resignation"]

1. e4 c5 2. Be2 Nc6 3. d3 g6 4. f4 Bg7 5. Nf3 d6 6. O-O Nf6 7. c3 b5 8. a3 O-O 9. Kh1 a5 10. Be3 Rb8 11. Nbd2 b4 12. axb4 axb4 13. d4 bxc3 14.
bxc3 Nd7 15. e5 cxd4 16. cxd4 Nb6 17. Bg1 Nd5 18. Ng5 Nc3 19. Qe1 Rb2 20. Bf3 d5 21. Rc1 Qa5 22. Nc4 dxc4 23. Bxc6 Rb3 24. d5 Qa3 25. Bd4 Nb5 26. Ra1 Nxd4 27. Rxa3 Rxa3 28.
Qb4 Rd3 29. Qxc4 Rd2 30. Ne4 Nxc6 31. Nxd2 1-0

[Event "*** Titled Tuesday Blitz"]
[Site "Chess.com"]
[Date "2020.03.03"]
[Round "3"]
[White "Komissarov_alex"]
[Black "M1711"]
[Result "0-1"]
[WhiteElo "1767"]
[BlackElo "2542"]
[TimeControl "180+1"]
[EndTime "9:29:23 PST"]
[Termination "M1711 won on time"]

1. d4 a6 2. e4 h6 3. Bd3 e6 4.
Nf3 d6 5. Bf4 Bd7 6. c3 Nc6 7.
O-O g5 8. Bg3 Bg7 9. d5 Nce7 10.
Re1 e5 11. Nfd2 Ng6 12. Nc4 h5 13. f3 h4 14. Bf2 h3 15. g3 g4 16. Ne3 Qg5 17. Nf5 Bf8 18. fxg4 Nf6 19. Be3 Qxg4 20. Nd2 Qxd1 21. Raxd1 Ng4 22. Bg5 Rh5 23. Nf3 f6 24.
Bd2 Bxf5 25. exf5 Ne7 26. Be2 Rh8 27. Nh4 Nh6 28. Rf1 O-O-O 0-1

[Event "*** Titled Tuesday Blitz"]
[Site "Chess.com"]
[Date "2020.03.03"]
[Round "3"]
[White "Noam_Vitenberg"]
[Black "DenishevM"]
[Result "1-0"]
[WhiteElo "2414"]
[BlackElo "2585"]
[TimeControl "180+1"]
[EndTime "9:29:26 PST"]
[Termination "Noam_Vitenberg won on time"]

1. Nf3 Nf6 2. c4 b6 3. Nc3 Bb7 4. g3 c5 5. Bg2 g6 6. O-O Bg7 7. Re1 O-O 8. e4 d6 9. d4 cxd4 10.
Nxd4 Qc7 11. b3 a6 12. Bb2 Nbd7 13. Rc1 e6 14. Qe2 Rac8 15. Red1 Rfd8 16. Bh3 Re8 17. Ndb5 axb5 18. Nxb5 Qb8 19. Nxd6 Red8 20. e5 Nh5 21. Nxc8 Qxc8 22. Qe3 Bf8 23. Bd4 Nc5 24.
Rd2 Ne4 25. Rd3 1-0

[Event "*** Titled Tuesday Blitz"]
[Site "Chess.com"]
[Date "2020.03.03"]
[Round "3"]
[White "Arystanner"]
[Black "adricalderon8"]
[Result "0-1"]
[WhiteElo "2735"]
[BlackElo "2407"]
[TimeControl "180+1"]
[EndTime "9:29:27 PST"]
[Termination "adricalderon8 won on time"]

1. e4 c5 2. Nf3 Nc6 3. Bb5 g6 4. O-O Bg7 5. c3 Nf6 6. e5 Nd5 7. d4 cxd4 8. cxd4 O-O 9. Nc3 Nc7 10. Bf4 Nxb5 11. Nxb5 a6 12. Nc3 d5 13. exd6 exd6 14. d5 Ne5 15. Nxe5 dxe5 16. Be3 f5 17. f3 Bd7 18. Qb3 b5 19. Rfd1 Kh8 20. Rac1 Rc8 21. a4 e4 22. f4 Qa5 23. axb5 axb5 24. Na2 Qa4 25. Qxa4 bxa4 26. Bd4 Rxc1 27. Bxg7+ Kxg7 28. Rxc1 Kf7 29. Rc7 Ke7 30. Nc3 Kd6 31. Ra7 Rb8 32. Ra6+ Kc5 33. Ra7 Be8 34. Rc7+ Kd6 35. Rxh7 Rxb2 36.
Ra7 e3 37. h4 Rc2 38. Ra6+ Kc5 39. Nxa4+ Bxa4 40. Kh2 e2 41. Re6 Bb3 42. Re5 Bxd5 43. Kg3 Kd4 44. h5 Be4 45. Kf2 gxh5 46. g3 e1=Q+ 47.
Kxe1 Rg2 0-1

[Event "*** Titled Tuesday Blitz"]
[Site "Chess.com"]
[Date "2020.03.03"]
[Round "3"]
[White "MikeSailer"]
[Black "Galileo22"]
[Result "1-0"]
[WhiteElo "2100"]
[BlackElo "2311"]
[TimeControl "180+1"]
[EndTime "9:29:35 PST"]
[Termination "MikeSailer won by resignation"]

1. Nf3 Nf6 2. b4 c5 3. bxc5 g6 4. Bb2 Bg7 5. e3 O-O 6. Be2 Qa5 7. O-O Qxc5 8. Ba3 Qc7 9. Bxe7 Nd5 10. Bxf8 Bxa1 11.
Ba3 Bg7 12. c4 Nf6 13. d4 b6 14. Nc3 Ba6 15. Nb5 Qc8 16. Nd6 Qd8 17. Qa4 Ne8 18. Ne5 Nxd6 19. Bxd6 Bb7 20. Bf3 Bxf3 21. Nxf3 Nc6 22. d5 Na5 23. Nd4 Rc8 24. Rc1 Qg5 25. h3 Bxd4 26. Qxd7 Rd8 27. Qe7 Qxe7 28. Bxe7 Rd7 29. exd4 Rxe7 30. c5 Kf8 31. d6 Re8 32. c6 Ra8 33. d5 Nb7 34. cxb7 Rd8 35. Rc8 Ke8 36. b8=Q 1-0

[Event "*** Titled Tuesday Blitz"]
[Site "Chess.com"]
[Date "2020.03.03"]
[Round "3"]
[White "MiroVlasenko"]
[Black "KacperPolOK"]
[Result "1-0"]
[WhiteElo "2632"]
[BlackElo "2421"]
[TimeControl "180+1"]
[EndTime "9:29:36 PST"]
[Termination "MiroVlasenko won by resignation"]

1. e4 e6 2. Nc3 d5 3. Qe2 d4 4. Nd1 c5 5. f4 Nc6 6. d3 f6 7. Nf3 Bd6 8. g3 Qc7 9. Bg2 Nge7 10. O-O O-O 11. a4 Rb8 12. Bd2 Bd7 13. Nf2 Be8 14. e5 fxe5 15. Ne4 Bh5 16. Nxd6 Qxd6 17. fxe5 Bxf3 18.
Rxf3 Qd7 19. Bh3 Nd5 20. Raf1 Rxf3 21. Rxf3 Rf8 22. Rxf8+ Kxf8 23. Qg4 Nxe5 24. Qh5 Nf7 25. Qxh7 Nf6 26. Qh4 Qd5 27. Bg2 Qe5 28. Qf4 Qxf4 29. Bxf4 e5 30. Bd2 Nd6 31. b4 b6 32. bxc5 bxc5 33. Bc1 Ke7 34. Ba3 c4 35. dxc4 Kd7 36.
Bf1 Kc6 37. c5 Nde4 38. Bb5+ Kc7 39. Bb4 Nd7 40. Ba5+ Kc8 41. Ba6+ Kb8 42. c6 Nb6 43. Bd3 Nc5 44. Bb4 Nbxa4 45. h4 Kc7 46. Bb5 a6 47.
Ba5+ Kc8 48. Bc4 e4 49. g4 Nc3 50. Bb6 Nb5 51. Bxc5 Nc7 52. Bxd4 1-0

[Event "*** Titled Tuesday Blitz"]
[Site "Chess.com"]
[Date "2020.03.03"]
[Round "3"]
[White "GMKrikor"]
[Black "EugeneRougon"]
[Result "0-1"]
[WhiteElo "2839"]
[BlackElo "2698"]
[TimeControl "180+1"]
[EndTime "9:29:37 PST"]
[Termination "EugeneRougon won by resignation"]

1. Nf3 d5 2. c4 c6 3. e3 Nf6 4. Nc3 Nbd7 5. cxd5 cxd5 6. d4 e6 7. Ne5 Nxe5 8. dxe5 Nd7 9. f4 Bc5 10. Bd3 O-O 11. O-O f6 12. Qh5 f5 13. Ne2 Qb6 14. Rf3 Rf7 15. g4 g6 16. Qh6 Nf8 17. Bd2 Qxb2 18.
Bc3 Qb6 19. Bd4 Bd7 20. Rg3 Rc8 21. Kh1 Bb5 22. Rb1 Bxd3 23. Rxb6 Be4+ 24. Kg1 Bxb6 25. Bxb6 axb6 26. gxf5 exf5 27. Nd4 Rfc7 28. e6 Nxe6 29. Rxg6+ hxg6 30. Nxe6 Rc1+ 31. Kf2 R8c2+ 32. Kg3 Rg2+ 33. Kh3 Rxh2+ 34. Kxh2 Rh1+ 35. Kg3 Rxh6 0-1

[Event "*** Titled Tuesday Blitz"]
[Site "Chess.com"]
[Date "2020.03.03"]
[Round "3"]
[White "freshfoodcompany"]
[Black "Azeryahu"]
[Result "0-1"]
[WhiteElo "2149"]
[BlackElo "2844"]
[TimeControl "180+1"]
[EndTime "9:29:39 PST"]
[Termination "Azeryahu won on time"]

1. d4 d5 2. c4 e6 3. Nc3 Be7 4. cxd5 exd5 5. Bf4 Nf6 6. e3 Bf5 7. Nge2 c6 8. Ng3 Bg6 9. h4 h5 10. Bd3 Bxd3 11. Qxd3 g6 12. Nge2 Nbd7 13. O-O Nf8 14.
Bg5 Ne6 15. Bxf6 Bxf6 16. g3 Qe7 17. Kg2 O-O-O 18. f4 Ng7 19. Rae1 Nf5 20. Ng1 Rhe8 21. Nd1 Bxh4 22. gxh4 Qxh4 23. e4 dxe4 24. Qh3 Rxd4 25. Qxh4 Nxh4+ 26. Kh2 Nf5 27. Re2 b5 28. Rfe1 e3 29.
Nxe3 Nxe3 30. Rxe3 Rxe3 31. Rxe3 Rxf4 32. Kg3 Ra4 33.
a3 Kd7 34. Nf3 f6 35. Nd2 f5 36. Kf2 g5 37. Re5 Rf4+ 38. Kg3 h4+ 39. Kg2 g4 40. Re3 Rd4 41. Nb3 Rd5 42. Re2 f4 43. Rd2 Kd6 44.
Rxd5+ Kxd5 45. Nc1 Ke4 46. Nb3 Ke3 0-1